 Dungeon Crawl Stone Soup version 0.15.0-29-ga8e3430 (webtiles) character file.

121 Psiweapon the Bolt Thrower (level 5, 0/29 HPs)
             Began as a Kobold Hunter on Sept 11, 2014.
             Killed from afar by Dowan (1 damage)
             ... with a wand of magic darts
             ... on Level 4 of the Dungeon.
             The game lasted 00:18:44 (2465 turns).

Psiweapon the Bolt Thrower (Kobold Hunter)          Turns: 2465, Time: 00:18:44

HP   0/29        AC  7     Str 11      XL: 5   Next: 26%
MP   4/5         EV 11     Int 10      God:
Gold 89          SH  0     Dex 16      Spells:  0 memorised,  4 levels left

rFire  . . .     SeeInvis .     w - -1 mace "Tirestruph" {venom, *Rage +Inv +Fly rC++}
rCold  + + .     Rnd*Rage +     e - +0 ring mail
rNeg   . . .     rCorr    .     (no shield)
rPois  .         rRot     .     (no helmet)
rElec  .         Spirit   .     m - +0 cloak
SustAb .         Warding  .     (no gloves)
rMut   .         Stasis   .     u - +0 pair of boots
Gourm  .                        (no amulet)
MR     .....                    (no ring)
                                v - ring of flight

@: flying, very slightly contaminated, invisible (expiring), not resistant to
hostile enchantments, unstealthy
A: carnivore 3
a: Turn Visible


You were on level 4 of the Dungeon.
You were very full.

You visited 1 branch of the dungeon, and saw 4 of its levels.

You collected 89 gold pieces.

Inventory:

Hand weapons
 a - a +0 short sword
 b - a +1 hand crossbow
 r - a +0 dagger
 w - the cursed -1 mace "Tirestruph" (weapon) {venom, *Rage +Inv +Fly rC++}
   (You found it on level 4 of the Dungeon)

   It poisons the flesh of those it strikes.
   It greatly protects you from cold.
   It lets you turn invisible.
   It lets you fly.
   It may make you go berserk in combat.
   It has a curse placed upon it.
 y - a +2 dagger of speed
Missiles
 c - 11 bolts
Armour
 d - a +0 leather armour
 e - a +0 ring mail (worn)
 m - a +0 cloak (worn)
 u - a +0 pair of boots (worn)
Magical devices
 k - a wand of frost (16)
 C - a wand of confusion (1)
Comestibles
 f - 2 meat rations
 j - a beef jerky
 n - a chunk of jackal flesh
 z - a rotting chunk of goblin flesh
 D - 2 rotting chunks of jackal flesh
 E - a rotting chunk of bat flesh
Scrolls
 g - a scroll of recharging
 h - 2 scrolls of remove curse
 i - 4 scrolls of identify {unknown}
 o - a scroll of noise {unknown}
 t - a scroll of amnesia {unknown}
 B - 4 scrolls of fear {unknown}
 F - a scroll of blinking {unknown}
Jewellery
 p - an uncursed ring of loudness
 v - a ring of flight (left hand)
Potions
 l - a potion of resistance {unknown}
 x - a potion of brilliance {unknown}


   Skills:
 - Level 1.1 Fighting
 + Level 3.0 Short Blades
 - Level 5.0 Crossbows
 + Level 1.8 Armour
 - Level 2.4 Dodging
 + Level 4.0 Stealth


You had 4 spell levels left.
You didn't know any spells.

Dungeon Overview and Level Annotations

Branches:
Dungeon (4/15)
 Temple: D:4-7

Altars:
Elyvilon
Nemelex Xobeh
Vehumet
Xom
The Shining One
Lugonu

Portals:
Abyss: D:1

Annotations:
D:1 1 exclusion
D:3 Eustachio
D:4 Dowan, Duvessa


Innate Abilities, Weirdness & Mutations

You are small and have problems with some larger weapons.
You are carnivorous and can eat meat at any time.


Message History

You kill the worm!
Your Short Blades skill increases to level 3!
Dowan zaps a wand.
The magic dart hits you!
* * * LOW HITPOINT WARNING * * *
Dowan zaps a wand.
The magic dart hits you!
* * * LOW HITPOINT WARNING * * *
Drink which item? (? for menu, Esc to quit)
You feel very buoyant.
You fly up into the air.
It was a potion of flight.
Dowan zaps a wand.
The magic dart hits you!
* * * LOW HITPOINT WARNING * * *
You miss Dowan.
You flicker for a moment.
Dowan points at you and mumbles some strange words.
The puff of flame misses you.
Dowan zaps a wand.
The magic dart hits you!
* * * LOW HITPOINT WARNING * * *
Drink which item? (? for menu, Esc to quit)
You feel refreshed.
It was a potion of restore abilities.
Dowan zaps a wand.
The magic dart hits you!
You die...

#.....### #.......# #.#
#.# #.# #.# #.# # #.#
#######..### #@#
...........# #e#
..<......#.# #.#
.%######.#.# #.# .. #..
#.# #(# ..##.## #.# #.#
#(#
..#...####g#####.##..8#8.
..........e.w............
........###########.....#


You could see Dowan.

Vanquished Creatures
  Ijyb (D:2)
  2 adders
  5 worms
  A giant gecko (D:3)
  5 bats
  2 giant cockroaches
  8 hobgoblins
  8 jackals
  A quokka (D:2)
  8 goblins
  5 kobolds
  7 rats
53 creatures vanquished.

Notes
Turn   | Place    | Note
--------------------------------------------------------------
     0 | D:1      | Psiweapon, the Kobold Hunter, began the quest for the Orb.
     0 | D:1      | Reached XP level 1. HP: 12/12 MP: 1/1
   226 | D:2      | Reached skill level 5 in Crossbows
   312 | D:1      | Reached XP level 2. HP: 16/16 MP: 2/2
   367 | D:1      | Reached skill level 1 in Short Blades
   599 | D:1      | Found a corrupted altar of Lugonu.
   599 | D:1      | Found a one-way gate to the infinite horrors of the Abyss.
   599 | D:1      | Noticed a quasit
   599 | D:1      | Noticed a quasit
   599 | D:1      | Noticed a quasit
   599 | D:1      | Noticed a quasit
   599 | D:1      | Noticed an iron imp
   599 | D:1      | Noticed a quasit
   599 | D:1      | Noticed an iron imp
   599 | D:1      | Noticed a demonic crawler
   600 | D:1      | Noticed a quasit
   607 | D:1      | Noticed an iron imp
   807 | D:2      | Reached XP level 3. HP: 18/20 MP: 3/3
   843 | D:2      | Found a radiant altar of Vehumet.
   930 | D:2      | Found a white marble altar of Elyvilon.
  1094 | D:2      | Noticed Ijyb
  1103 | D:2      | Killed Ijyb
  1103 | D:2      | Reached skill level 1 in Armour
  1145 | D:2      | Found a glowing golden altar of the Shining One.
  1209 | D:2      | Reached XP level 4. HP: 25/25 MP: 4/4
  1510 | D:2      | Found a shimmering altar of Xom.
  1626 | D:4      | Noticed Duvessa
  1626 | D:4      | Noticed Dowan
  1883 | D:3      | Found a sparkling altar of Nemelex Xobeh.
  1912 | D:3      | Reached XP level 5. HP: 27/29 MP: 5/5
  2385 | D:4      | Noticed Eustachio
  2440 | D:4      | Got an encrusted mace
  2441 | D:4      | Identified the cursed -1 mace "Tirestruph" {venom, *Rage +Inv +Fly rC++} (You found it on level 4 of the Dungeon)
  2464 | D:4      | HP: 1/29 [Dowan/wand of magic darts (1)]
  2465 | D:4      | Killed from afar by Dowan

Action                   |  1- 3 |  4- 6 || total
-------------------------+-------+-------++-------
Melee: Short sword       |    32 |    89 ||   121
       Dagger            |       |    43 ||    43
       Mace              |       |     4 ||     4
 Fire: Hand crossbow     |    33 |    22 ||    55
 Abil: Evoke Invisibilit |       |     1 ||     1
Evoke: Wand              |     1 |     6 ||     7
  Use: Scroll            |     2 |       ||     2
       Potion            |       |     2 ||     2
 Stab: Sleeping          |       |     3 ||     3
  Eat: Chunk             |     9 |     3 ||    12
